 Dungeon Crawl Stone Soup version 0.29.1-15-g9cfb28693d (webtiles) character file.

Game seed: 15237440528071457821

11825 bnorton916 the Thaumaturge (level 11, -9/54 HPs)
             Began as a Deep Elf Fire Elementalist on Mar 1, 2023.
             Was an Initiate of Gozag.
             Killed from afar by an efreet (24 damage)
             ... with a fireball
             ... on level 10 of the Dungeon.
             The game lasted 00:31:09 (23436 turns).

bnorton916 the Thaumaturge (DEFE)                  Turns: 23436, Time: 00:31:09

Health: -9/54      AC: 13    Str:  7    XL:     11   Next: 54%
Magic:  39/39      EV: 16    Int: 23    God:    Gozag
Gold:   578        SH:  6    Dex: 18    Spells: 6/37 levels left

rFire   . . .      SeeInvis .   m - +4 spear (venom)
rCold   . . .      Faith    .   p - +1 buckler {reflect}
rNeg    . . .      Spirit   .   J - +0 steam dragon scales
rPois   .          Reflect  +   e - +2 hat
rElec   .          Harm     .   o - +0 cloak
rCorr   .          Rampage  .   O - +2 pair of gloves {Dex+3}
Will    +....                   C - +0 pair of boots
Stlth   ++........              (no amulet)
HPRegen 0.18/turn               T - ring of magical power
MPRegen 0.26/turn               s - +4 ring of evasion

@: about to teleport
A: no striking features
a: Renounce Religion, Potion Petition, Call Merchant, Bribe Branch


You were on level 10 of the Dungeon.
You worshipped Gozag.
Gozag was pleased with you.
You visited 3 branches of the dungeon, and saw 13 of its levels.

You collected 1500 gold pieces.
You spent 195 gold pieces at shops.
You paid 727 gold pieces to Gozag.

Inventory:

Hand Weapons
 m - a +4 spear of venom (weapon)
 v - a +2 vorpal hand axe
Missiles
 f - 48 poisoned darts
 t - 4 javelins
 H - 4 boomerangs
Armour
 b - a +2 robe of fire resistance
 e - a +2 hat (worn)
 o - a +0 cloak (worn)
 p - a +1 buckler of reflection (worn)
 C - a +0 pair of boots (worn)
 J - +0 steam dragon scales (worn)
 O - a +2 pair of gloves of dexterity (worn)
Magical Staves
 E - a staff of air
 V - a staff of conjuration
Jewellery
 a - a ring of protection from fire
 q - a ring of positive energy
 s - a +4 ring of evasion (right hand)
 L - a ring of protection from cold
 T - a ring of magical power (left hand)
 W - a ring of see invisible
Wands
 x - a wand of light (28)
 F - a wand of mindburst (15)
 N - a wand of flame (18)
Scrolls
 g - 2 scrolls of vulnerability
 i - 2 scrolls of amnesia
 j - 2 scrolls of poison
 r - 2 scrolls of enchant weapon
 y - a scroll of immolation
 z - 5 scrolls of magic mapping
 A - a scroll of fear
 B - 2 scrolls of enchant armour
 I - a scroll of silence
 K - 4 scrolls of fog
 Q - a scroll of summoning
 S - a scroll of noise {unknown}
 U - a scroll of acquirement
Potions
 c - 3 potions of might
 d - 4 potions of heal wounds
 h - 6 potions of curing
 l - 2 potions of cancellation {unknown}
 n - a potion of experience {unknown}
 u - a potion of degeneration {unknown}
 w - 2 potions of resistance
 D - 4 potions of lignification
 G - a potion of attraction {unknown}
 M - a potion of haste
 P - a potion of brilliance {unknown}
 R - 3 potions of magic


   Skills:
 - Level 4.0 Armour
 - Level 2.4 Dodging
 - Level 2.4 Stealth
 - Level 4.0 Shields
 - Level 13.5 Spellcasting
 + Level 12.2 Conjurations
 - Level 4.0 Hexes
 - Level 7.2 Fire Magic
 - Level 4.6 Earth Magic


You had 6 spell levels left.
You knew the following spells:

 Your Spells              Type           Power      Damage    Failure   Level
a - Foxfire               Conj/Fire      100%       2x1d9     1%          1
b - Scorch                Fire           96%        2d9       1%          2
c - Conjure Flame         Conj/Fire      57%        6-21      1%          3
d - Flame Wave            Conj/Fire      57%        2d14      1%          4
e - Tukima's Dance        Hex            33%        N/A       3%          3
f - Blink                 Tloc           30%        N/A       8%          2
g - Leda's Liquefaction   Hex/Erth       17%        N/A       9%          4
h - Fireball              Conj/Fire      28%        3d12      2%          5
i - Orb of Destruction    Conj           32%        9d10      26%         7

Your spell library contained the following spells:

 Spells                   Type           Power      Damage    Failure   Level
 Inner Flame              Hex/Fire       41%        N/A       1%          3
 Iskenderun's Battlesphe  Conj           64%        2d11      1%          5
 Ensorcelled Hibernation  Hex/Ice        48%        N/A       3%          2
 Apportation              Tloc           30%        N/A       4%          1
 Portal Projectile        Hex/Tloc       48%        N/A       7%          3
 Poisonous Vapours        Pois/Air       30%        N/A       8%          2
 Spider Form              Tmut/Pois      15%        N/A       16%         3
 Lee's Rapid Deconstruct  Erth           18%        3d12*     21%         5
 Anguish                  Hex/Necr       12%        N/A       22%         4
 Borgnjor's Vile Clutch   Necr/Erth      13%        N/A       47%         5
 Conjure Ball Lightning   Conj/Air       21%        3x3d6     52%         6
 Alistair's Intoxication  Tmut/Pois      10%        N/A       80%         5
 Blade Hands              Tmut           7%         N/A       80%         5
 Manifold Assault         Tloc           15%        N/A       80%         5
 Statue Form              Tmut/Erth      17%        N/A       96%         6
 Eringya's Noxious Bog    Tmut/Pois      7%         N/A       100%        6
 Storm Form               Tmut/Air       7%         N/A       100%        7
 Corpse Rot               Necr/Pois/Air  Unusable   N/A       N/A         4

Dungeon Overview and Level Annotations

Branches:
Dungeon (10/15)            Temple (1/1) D:7            Lair (2/5) D:9
    Orc (0/2) D:9
  Swamp: Lair:2-3    Shoals: Lair:2-3     Snake: Lair:2-3    Spider: Lair:2-3

Altars:
Ashenzari
Cheibriados
Dithmenos
Elyvilon
Fedhas
Gozag
Hepliaklqana
Kikubaaqudgha
Makhleb
Nemelex Xobeh
Okawaru
Qazlal
Ru
Sif Muna
Uskayaw
Vehumet
Wu Jian
Yredelemnul

Shops:
D:4 *   Lair:1 :


Message History

Confirm with . or Enter, or press ? or * to list all spells.
Aiming: Fireball (dangerous; 2% risk of failure)
Press: ? - help, Shift-Dir - straight line, f/p - orc knight
Aim: an orc knight, wielding a +0 great mace and wearing a +0 plate armour (almost dead, more vulnerable to fire)
The fireball explodes!
The fireball engulfs the orc knight!!
The orc knight is burned terribly!
You kill the orc knight!
You start resting.
Your magical contamination has completely faded away.
You start resting.
Magic restored.
You start waiting.
Done waiting.
You start waiting.
Done waiting.
You start waiting.
An efreet comes into view.
It is wielding a +2 scimitar of flaming.
Things that are here:
a +0 robe; a +3 short sword
Things that are here:
4 gold pieces; a +0 great mace; a +0 plate armour
Things that are here:
a +0 robe; a +0 mace
Things that are here:
4 gold pieces; a +0 great mace; a +0 plate armour
Things that are here:
a +0 robe; a +3 short sword
Items here: )) [[.
The efreet gestures at you.
The fireball explodes!
The fireball engulfs you!!
Ouch! That really hurt!
The efreet gestures at you.
The fireball explodes!
The fireball engulfs you!
* * * LOW HITPOINT WARNING * * *
As you read the scroll of teleportation, it crumbles to dust.
You feel strangely unstable. The efreet gestures at you.
The fireball explodes!
The fireball engulfs you!!
You die...
Your body crumbles into a pile of gold.

#.#####.#####...####.#
#.#.....# ##.## #.#
#.#.###.######.# #.#
#.....#.##.....# ###
###.#....#.##### ##.#
#......#.# ###♣._##
###....#.# ##.'...8#
#..###.####..#♣._##
#.@###.......###.#.
#...[[$R.°°..# ####
#..#########.# #.##
#..# #####.###.##
#..#####.........##
#........###...<...
##.####### #..#####
#.#########..#
#............#


You could see an efreet.

Vanquished Creatures
  2 two-headed ogres (D:9)
  Pikel (D:3)
  An orc knight (D:10)
  5 elephants
  A black mamba (Lair:1)
  Joseph (D:7)
  3 cane toads (Lair:1)
  A komodo dragon (Lair:1)
  A troll (D:10)
  2 polar bears (D:9)
  A vampire (D:10)
  2 shadows
  2 wyverns (Lair:1)
  A wraith (D:7)
  A yak (D:9)
  2 unseen horror simulacra
  3 steam dragons
  2 water moccasins
  3 orc warriors
  2 ice beasts (D:9)
  A sky beast (D:6)
  A black bear (D:7)
  An ogre (D:4)
  4 wolves
  A centaur (D:9)
  4 lemures
  2 kobold brigands (D:9)
  5 bullfrogs
  A necrophage (D:6)
  2 scorpions
  A gnoll sergeant (D:10)
  9 wights
  5 killer bees (D:8)
  2 electric eels
  2 howler monkeys
  4 hounds
  5 orc priests
  A jelly (D:5)
  4 iguanas
  14 orc wizards
  Ijyb (D:4)
  Natasha (thrice) (D:3)
  Robin (D:2)
  3 gnolls (D:10)
  2 adders (D:6)
  A white imp (D:5)
  A howler monkey simulacrum (D:9)
  2 ufetubi (D:9)
  2 worms
  2 dart slugs
  33 orcs
  7 bats
  7 endoplasms
  5 giant cockroaches
  14 goblins
  8 hobgoblins
  4 jackals (D:2)
  2 quokkas
  9 ball pythons
  6 frilled lizards (D:2)
  16 kobolds
  4 rats
239 creatures vanquished.

Vanquished Creatures (others)
  771 foxfires
  5 plants
776 creatures vanquished.

Grand Total: 1015 creatures vanquished

Notes
Turn   | Place    | Note
-------+----------+-------------------------------------------
     0 | D:1      | bnorton916 the Deep Elf Fire Elementalist began the quest
                  | for the Orb.
     0 | D:1      | Reached XP level 1. HP: 10/10 MP: 6/6
   319 | D:1      | Reached XP level 2. HP: 15/15 MP: 5/8
  1211 | D:1      | You fall into a shaft and drop 1 floor!
  1499 | D:2      | Reached XP level 3. HP: 9/19 MP: 3/10
  1653 | D:2      | Learned a level 2 spell: Scorch
  1657 | D:2      | Learned a level 3 spell: Conjure Flame
  1858 | D:2      | Found a faded altar of an unknown god.
  1871 | D:2      | Noticed Robin
  2282 | D:2      | Reached skill level 4 in Spellcasting
  3048 | D:2      | Killed Robin
  3049 | D:2      | Reached XP level 4. HP: 24/24 MP: 8/12
  3519 | D:3      | Noticed Natasha
  3529 | D:3      | Killed Natasha
  3899 | D:3      | Noticed Natasha
  3907 | D:3      | Killed Natasha
  3908 | D:3      | Reached XP level 5. HP: 26/28 MP: 1/13
  3992 | D:3      | Noticed Natasha
  3998 | D:3      | Killed Natasha
  3999 | D:3      | Reached skill level 1 in Shields
  4246 | D:4      | Learned a level 4 spell: Flame Wave
  4250 | D:4      | Learned a level 3 spell: Tukima's Dance
  4350 | D:4      | Found Kumibuss's Assorted Antiques.
  4377 | D:4      | Noticed a lemure
  4387 | D:4      | Killed a lemure
  4387 | D:4      | Noticed a lemure
  4387 | D:4      | Noticed Pikel
  4397 | D:4      | Noticed a lemure
  4876 | D:4      | Noticed a lemure
  4881 | D:4      | Noticed an ogre
  5224 | D:4      | Killed a lemure
  5241 | D:4      | Killed an ogre
  5242 | D:4      | Reached skill level 5 in Spellcasting
  5242 | D:4      | Reached skill level 1 in Hexes
  5417 | D:4      | Reached XP level 6. HP: 32/32 MP: 9/15
  5544 | D:4      | Noticed Ijyb
  5551 | D:4      | Killed Ijyb
  6297 | D:5      | Entered Level 5 of the Dungeon
  6909 | D:5      | Reached XP level 7. HP: 36/36 MP: 10/17
  6913 | D:5      | Reached skill level 6 in Spellcasting
  7460 | D:6      | Reached skill level 5 in Conjurations
  7818 | D:6      | Reached skill level 7 in Spellcasting
  8226 | D:6      | Noticed a steam dragon
  8419 | D:6      | Killed a steam dragon
  8420 | D:6      | Reached XP level 8. HP: 41/41 MP: 21/21
  8826 | D:7      | Reached skill level 8 in Spellcasting
  9252 | D:7      | Reached skill level 9 in Spellcasting
  9574 | D:7      | Noticed Joseph
  9616 | D:7      | Killed Joseph
  9617 | D:7      | Reached XP level 9. HP: 4/45 MP: 8/24
 10101 | D:7      | Reached skill level 10 in Spellcasting
 10224 | D:7      | Found a staircase to the Ecumenical Temple.
 11095 | Temple   | Entered the Ecumenical Temple
 11359 | Temple   | Became a worshipper of Gozag Ym Sagoz the Greedy
 11470 | D:4      | Bought a pair of runed gloves for 195 gold pieces
 12754 | D:8      | Reached skill level 5 in Fire Magic
 13531 | D:3      | Killed Pikel
 13532 | D:3      | Reached skill level 11 in Spellcasting
 14213 | D:9      | Reached XP level 10. HP: 50/50 MP: 10/27
 14511 | D:9      | Noticed a two-headed ogre
 15333 | D:9      | Killed a two-headed ogre
 15334 | D:9      | Reached skill level 12 in Spellcasting
 15334 | D:9      | Reached skill level 10 in Conjurations
 15794 | D:9      | Found a staircase to the Lair.
 15820 | D:9      | Reached skill level 1 in Armour
 16093 | D:9      | Found a staircase to the Orcish Mines.
 17061 | Lair:1   | Entered Level 1 of the Lair of Beasts
 17092 | Lair:1   | Noticed a cane toad
 17267 | Lair:1   | Learned a level 2 spell: Blink
 17272 | Lair:1   | Learned a level 4 spell: Leda's Liquefaction
 17299 | Lair:1   | Noticed a cane toad
 17307 | Lair:1   | Killed a cane toad
 17308 | Lair:1   | Reached skill level 1 in Earth Magic
 17637 | Lair:1   | Noticed a black mamba
 17645 | Lair:1   | Killed a black mamba
 17646 | Lair:1   | Reached skill level 13 in Spellcasting
 17668 | Lair:1   | Killed a cane toad
 18049 | Lair:1   | Noticed an elephant
 18049 | Lair:1   | Noticed an elephant
 18049 | Lair:1   | Noticed an elephant
 18049 | Lair:1   | Noticed an elephant
 18049 | Lair:1   | Noticed an elephant
 18513 | D:9      | Killed an elephant
 18514 | D:9      | Reached XP level 11. HP: 53/54 MP: 28/30
 20396 | Lair:2   | Noticed an eight-headed hydra
 20515 | Lair:2   | Noticed a five-headed hydra
 20534 | Lair:2   | Noticed an eight-headed hydra
 20793 | D:10     | Entered Level 10 of the Dungeon
 20811 | D:10     | Noticed a two-headed ogre
 20824 | D:9      | HP: 1/54 [two-headed ogre/+0 giant club (9)]
 20825 | D:9      | Killed a two-headed ogre
 22270 | D:10     | Identified 2 scrolls of acquirement
 22271 | D:10     | Acquired a book of the Spheres
 22279 | D:10     | Learned a level 5 spell: Fireball
 22287 | D:10     | Learned a level 7 spell: Orb of Destruction
 22479 | D:10     | Found a shadowy altar of Dithmenos.
 22479 | D:10     | Found a snail-covered altar of Cheibriados.
 22611 | D:10     | Noticed an orc knight
 22797 | D:10     | Noticed a red ugly thing
 22797 | D:10     | Noticed a stone giant
 23067 | D:10     | Killed an orc knight
 23436 | D:10     | Killed from afar by an efreet

Illustrated notes

Levels and vault maps discovered:
D:1:      shiori_arrival_oz, layout_basic
D:2:      layout_rooms, basic_ecumenical_altar, minmay_lizard_king, uniq_robin
D:3:      layout_basic, kennysheep_cluttered_room, uniq_natasha
D:4:      layout_basic, serial_shops, nicolae_shop_hallway_stairs,
          minmay_circle_x, uniq_pikel, uniq_ijyb
D:5:      layout_cave_pools
D:6:      layout_loops_ring, nrook_loot_triangle
D:7:      statuecave_lemuel, layout_loops_ring, minmay_temple_entry_wispy,
          uniq_joseph
D:8:      layout_loops_ring, patterned_corridor
D:9:      layout_loops_ring, lair_entry_dummy, orc_0_dummy, serial_ice,
          serial_ice_f, serial_ice_d, serial_ice_i, serial_ice_b
D:10:     layout_loops_ring, gammafunk_temple_overflow_statue, minmay_evil_grid
Temple:   mainiacjoe_temple_cubbyholes
Lair:1:   layout_hall_layers, lemuel_fruit_fields
Lair:2:   layout_gridlike, nicolae_spider_entry_non_spiders,
          serial_bayou_shore_a, uniq_gastronok

Skill      XL: |  1  2  3  4  5  6  7  8  9 10 11 |
---------------+----------------------------------+-----
Conjurations   | 2 3 4 5 8 9 11 12 | 12.2
Spellcasting   | 4 5 7 9 11 13 | 13.5
Fire Magic     | 4 6 7 |  7.2
Shields        | 1 2 3 4 |  4.0
Hexes          | 1 3 4 |  4.0
Armour         | 3 4 |  4.0
Earth Magic    | 2 4 |  4.6
Dodging        | |  2.4
Stealth        | |  2.4

Action                   |  1- 3 |  4- 6 |  7- 9 | 10-12 || total
-------------------------+-------+-------+-------+-------++-------
Melee: Unarmed           |     3 |       |       |       ||     3
       Spear             |       |     2 |     2 |       ||     4
 Cast: Foxfire           |   148 |   121 |   125 |    83 ||   477
       Scorch            |     2 |    33 |    61 |    93 ||   189
       Conjure Flame     |       |     4 |    10 |    15 ||    29
       Flame Wave        |       |       |    12 |    11 ||    23
       Tukima's Dance    |       |       |     2 |     3 ||     5
       Fireball          |       |       |       |     8 ||     8
       Leda's Liquefacti |       |       |       |     1 ||     1
Invok: Call Merchant     |       |       |       |     1 ||     1
Evoke: Wand              |       |       |     5 |     3 ||     8
  Use: Scroll            |     3 |     1 |     9 |    10 ||    23
       Potion            |     1 |       |     3 |       ||     4
Armor: Robe              |    17 |     9 |     2 |       ||    28
       Steam dragon scal |       |       |    23 |    32 ||    55
Dodge: Dodged            |    36 |    22 |    62 |    78 ||   198
Block: Buckler           |       |       |    17 |    32 ||    49
       Reflection        |       |       |       |     2 ||     2
